 Dungeon Crawl Stone Soup version 0.24-a0-250-g6074511 (webtiles) character file.

Game seed: 2186508207616463683

1473 Borgoz the Slicer (level 9, 0/52 HPs)
             Began as a Kobold Gladiator on Apr 14, 2019.
             Slain by a wight
             ... wielding a cursed +0 scimitar
              (6 damage)
             ... on level 7 of the Dungeon.
             The game lasted 00:08:13 (4780 turns).

Borgoz the Slicer (Kobold Gladiator)                Turns: 4780, Time: 00:08:14

Health: 0/52       AC:  8    Str: 14    XL:     9   Next: 6%
Magic:  9/9        EV: 15    Int:  9    God:
Gold:   415        SH:  0    Dex: 17    Spells: 8/8 levels left

rFire    + + .     SeeInvis .   x - +3 short sword (venom)
rCold    + . .     Gourm    .   (shield restricted)
rNeg     . . .     Faith    .   A - +2 ring mail {rPois}
rPois    +         Spirit   .   c - +0 helmet
rElec    +         Reflect  .   (no cloak)
rCorr    +         Harm     .   (no gloves)
MR       .....                  (no boots)
Stlth    ++........             (no amulet)
HPRegen  0.17/turn              u - ring of protection from fire
MPRegen  0.11/turn              (no ring)

@: resistant, flying, heavily drained
A: small, carnivore
a: no special abilities


You were on level 7 of the Dungeon.
You were completely stuffed.

You visited 1 branch of the dungeon, and saw 7 of its levels.

You collected 415 gold pieces.

Inventory:

Hand Weapons
 a - a +1 dagger of draining
 g - a +0 rapier
 x - a +3 short sword of venom (weapon)
Missiles
 d - 3 throwing nets (quivered)
Armour
 c - a +0 helmet (worn)
 A - a +2 ring mail of poison resistance (worn)
Jewellery
 u - a ring of protection from fire (left hand)
Wands
 e - a wand of disintegration (11)
 p - a wand of flame (22)
 z - a wand of paralysis (6)
 B - a wand of scattershot (5)
 C - a wand of polymorph (3)
Scrolls
 h - 2 scrolls of remove curse
 j - a scroll of random uselessness {unknown}
 k - 3 scrolls of magic mapping {unknown}
 q - 5 scrolls of teleportation {unknown}
 r - 3 scrolls of immolation {unknown}
 t - a scroll of fear {unknown}
 v - 2 scrolls of amnesia
 y - 6 scrolls of identify
Potions
 i - 2 potions of resistance
 l - 2 potions of mutation
 m - a potion of curing
 o - 6 potions of lignification
 s - a potion of degeneration
 w - a potion of haste
Comestibles
 f - 10 rations


   Skills:
 + Level 4.4(2.8) Fighting
 + Level 9.3(7.4) Short Blades
 + Level 2.5(1.0) Throwing
 + Level 3.1(1.6) Armour
 + Level 6.2(4.5) Dodging
 + Level 6.3(4.6) Stealth


You had 8 spell levels left.
You didn't know any spells.
Your spell library was empty.

Dungeon Overview and Level Annotations

Branches:
Dungeon (7/15)             Temple (0/1) D:7

Altars:
Gozag
Hepliaklqana
Makhleb
Nemelex Xobeh
Qazlal
Ru
Trog


Innate Abilities, Weirdness & Mutations

You are small and have problems with some larger weapons.
You are carnivorous and can eat meat at any time.


Message History

* * * LOW HITPOINT WARNING * * *
You feel drained.
* * * LOW HITPOINT WARNING * * *
The wight struggles against the net.
You feel very buoyant.
You fly up into the air.
The wight closely misses you.
The wight struggles against the net.
The wight struggles against the net.
The net rips apart, and the wight comes free!
Okay, then.
Okay, then.
You hit the wight.
The wight is almost destroyed.
The wight closely misses you.
You hit the wight.
You destroy the wight!
You feel more buoyant.
You closely miss the wight.
The wight hits you with a cursed +0 scimitar.
You die...

#.#.#... #......##
#. #.#.....# #. #..
.!..# #. #.# #.:.#
#.
######.###.).####.
##.z.z.z....%......
#.z####z#....?####.
#.@# #............
#.## ###.##..#####
.## ## #.##..# ##
.. #.....# #. .#
#.....# ## ##.##
#....## # #...
......# #.####.#
?..#.# .......#


You could see 2 wights.

Vanquished Creatures
  Sigmund (D:2)
  An ice beast (D:7)
  A centaur (D:5)
  2 ogres
  3 bullfrogs
  2 scorpions
  2 wights (D:7)
  2 crimson imps (D:5)
  A howler monkey (D:4)
  A quasit (D:6)
  2 hounds (D:4)
  A jelly (D:5)
  A centaur skeleton (D:6)
  An iguana (D:5)
  Terence (D:2)
  3 worker ants
  A killer bee zombie (D:5)
  6 gnolls
  4 adders
  3 worms
  5 dart slugs
  5 leopard geckos
  7 orcs
  A ball python (D:4)
  6 bats
  6 giant cockroaches
  7 goblins
  3 hobgoblins
  6 jackals
  8 kobolds
  A quokka (D:3)
  9 frilled lizards
  A jackal skeleton (D:5)
  5 rats
109 creatures vanquished.

Vanquished Creatures (others)
  2 fungi (D:5)
2 creatures vanquished.

Grand Total: 111 creatures vanquished

Notes
Turn   | Place    | Note
-------+----------+-------------------------------------------
     0 | D:1      | Borgoz the Kobold Gladiator began the quest for the Orb.
     0 | D:1      | Reached XP level 1. HP: 12/12 MP: 1/1
    75 | D:1      | Reached XP level 2. HP: 15/17 MP: 2/2
   195 | D:1      | Reached XP level 3. HP: 16/22 MP: 3/3
   456 | D:2      | Reached skill level 5 in Short Blades
   516 | D:2      | Reached XP level 4. HP: 18/27 MP: 4/4
   787 | D:2      | Noticed Sigmund
   840 | D:2      | Killed Sigmund
   840 | D:2      | Reached skill level 6 in Short Blades
   840 | D:2      | Reached skill level 1 in Armour
   840 | D:2      | Reached skill level 5 in Dodging
   840 | D:2      | Reached skill level 1 in Stealth
   840 | D:2      | Reached XP level 5. HP: 16/32 MP: 5/5
   840 | D:2      | Reached XP level 6. HP: 19/37 MP: 6/6
  1072 | D:2      | Noticed Terence
  1092 | D:2      | Killed Terence
  1485 | D:3      | Found a hazy altar of Hepliaklqana.
  1705 | D:3      | Found an opulent altar of Gozag.
  1748 | D:3      | Found a sacrificial altar of Ru.
  2247 | D:4      | Reached XP level 7. HP: 20/41 MP: 7/7
  2642 | D:4      | Reached skill level 7 in Short Blades
  2960 | D:5      | Entered Level 5 of the Dungeon
  3043 | D:5      | Found a bloodstained altar of Trog.
  3078 | D:5      | Found a sparkling altar of Nemelex Xobeh.
  3161 | D:5      | Reached XP level 8. HP: 18/48 MP: 8/8
  3430 | D:5      | Reached skill level 8 in Short Blades
  3430 | D:5      | Reached skill level 5 in Stealth
  3627 | D:5      | Found a stormy altar of Qazlal.
  4149 | D:6      | Found a burning altar of Makhleb.
  4457 | D:7      | Reached skill level 9 in Short Blades
  4471 | D:7      | Found a staircase to the Ecumenical Temple.
  4578 | D:7      | Reached XP level 9. HP: 38/52 MP: 9/9
  4780 | D:7      | Slain by a wight

Levels and vault maps discovered:
D:1:      minmay_arrival_three_doors, layout_rooms
D:2:      layout_basic, uniq_sigmund, uniq_terence
D:3:      layout_basic, old_standard_altar,
          nicolae_gozag_cash_rules_everything_around_me, first_ration,
          kennysheep_cross_room, nicolae_ru_path_of_blood
D:4:      layout_basic
D:5:      old_forge, layout_basic, lightli_temple_of_fire, kennysheep_mini_moat,
          grunt_ministairs_9, roderic_lattice_a, nicolae_qazlal_eye_of_the_storm
D:6:      layout_rooms, lemuel_coloured_pillars_altar
D:7:      layout_loops_ring, kennysheep_mini, okawaru_altar_gauntlet_db,
          minmay_temple_entry_junction_2, hangedman_decor_diamond_cutter

Skill      XL: |  1  2  3  4  5  6  7  8 |
---------------+-------------------------+-----
Dodging        | 4 5 6 |  6.2
Short Blades   | 5 6 7 9 |  9.3
Fighting       | 3 4 |  4.4
Armour         | 1 2 3 |  3.1
Stealth        | 1 2 4 6 |  6.3
Throwing       | |  2.5

Action                   |  1- 3 |  4- 6 |  7- 9 || total
-------------------------+-------+-------+-------++-------
Melee: Rapier            |    26 |       |       ||    26
       Dagger            |    63 |   130 |       ||   193
       Short sword       |       |    29 |   160 ||   189
Throw: Throwing net      |       |     1 |     4 ||     5
  Use: Potion            |       |     2 |     4 ||     6
       Scroll            |       |    10 |       ||    10
 Stab: Sleeping          |     1 |     2 |    11 ||    14
       Held in net/web   |       |       |     1 ||     1
  Eat: Chunk             |     7 |     6 |     8 ||    21
Armor: Leather armour    |    15 |    13 |     7 ||    35
       Ring mail         |       |       |     7 ||     7
Dodge: Dodged            |    75 |    99 |   124 ||   298

Table legend:
 A = Non-vault XP
 B = Vault XP
 C = Vault XP percentage of total XP
 D = Non-vault monster count
 E = Vault monster count
 F = Vault count percentage of total count
                 A         B        C        D         E       F
            +---------+---------+-------+---------+---------+-------
      Total |    1610 |     495 |  23.5 |     104 |       5 |   4.6
            +---------+---------+-------+---------+---------+-------
        D:1 |      43 |       0 |   0.0 |      24 |       0 |   0.0
        D:2 |      72 |     263 |  78.5 |      26 |       2 |   7.1
        D:3 |      21 |       0 |   0.0 |       8 |       0 |   0.0
        D:4 |     374 |       0 |   0.0 |      15 |       0 |   0.0
        D:5 |     331 |     232 |  41.2 |      10 |       3 |  23.1
        D:6 |     430 |       0 |   0.0 |      14 |       0 |   0.0
        D:7 |     339 |       0 |   0.0 |       7 |       0 |   0.0
            +---------+---------+-------+---------+---------+-------
